 Dungeon Crawl Stone Soup version 0.13.0-9-gbc74161 (webtiles) character file.

2991 Malachi the Slinger (level 9, -1/43 HPs)
             Began as a Spriggan Monk on Oct 17, 2013.
             Slain by Malachi's ghost (10 damage)
             ... on Level 8 of the Dungeon.
             The game lasted 00:22:13 (8517 turns).

Malachi the Slinger (Spriggan Monk)                 Turns: 8517, Time: 00:22:13

HP  -1/43        AC  4     Str  7      XL: 9   Next: 39%
MP  17/17        EV 28     Int 11      God:
Gold 282         SH  0     Dex 22      Spells:  0 memorised,  8 levels left

Res.Fire  : . . .   See Invis. : +   c - +4,+2 sling (flame)
Res.Cold  : . . .   Warding    : .   A - +0 robe
Life Prot.: + . .   Conserve   : .   (shield restricted)
Res.Poison: .       Res.Corr.  : .   p - +2 wizard hat
Res.Elec. : .       Clarity    : .   (no cloak)
Sust.Abil.: . .     Spirit.Shd : .   (gloves unavailable)
Res.Mut.  : .       Stasis     : .   (boots unavailable)
Res.Rott. : .       Flight     : .   (no amulet)
Saprovore : . . .                    (no ring)
                                     v - ring of positive energy

@: drained, very quick, quite resistant to hostile enchantments, stealthy
A: unfitting armour, see invisible, herbivore 3, speed 3, slow metabolism 2
a: no special abilities


You were on level 8 of the Dungeon.
You were very hungry.

You visited 1 branch of the dungeon, and saw 8 of its levels.

You collected 282 gold pieces.

Inventory:

Hand weapons
 c - a +4,+2 sling of flame (weapon)
 g - a +2,+2 dwarven dagger of venom
 j - a +0,+1 orcish short sword of speed
 C - a +1 blowgun
Missiles
 d - 25 stones (quivered)
 D - 16 poisoned needles
Armour
 p - a +2 wizard hat (worn)
 A - a +0 robe (worn)
Magical devices
 h - a wand of magic darts (8)
 l - a wand of teleportation (4)
 r - a wand of teleportation (2)
Comestibles
 a - a pear
 f - 4 bread rations
 m - 18 sultanas
 n - 2 chokos
Scrolls
 e - 5 scrolls of identify
 i - 3 scrolls of fog
 t - 2 scrolls of remove curse
 u - a scroll of enchant weapon II
 y - a scroll of fear {unknown}
Jewellery
 s - an uncursed ring of teleportation
 v - a ring of positive energy (left hand)
 z - a +4 ring of strength {unknown}
 B - an uncursed ring of wizardry {unknown}
Potions
 b - a potion of porridge
 k - 2 potions of brilliance
 o - 3 potions of curing
 q - a potion of paralysis
 w - a potion of agility {unknown}


   Skills:
 - Level 2.4(1.9) Fighting
 + Level 1.3(0.8) Short Blades
 + Level 12.8(12.1) Slings
 * Level 9.9(9.3) Dodging
 - Level 3.0(2.5) Stealth
 - Level 3.3(2.8) Unarmed Combat


You had 8 spell levels left.
You didn't know any spells.

Dungeon Overview and Level Annotations

Branches:
Dungeon (8/27)             Temple (0/1) D:7
    Orc: D:6-11        Lair: D:8-13

Altars:
Trog
Xom
the Shining One

Shops:
D:5 (}+   D:7 (

Annotations:
D:6 Dowan, Duvessa
D:7 Grum
D:8 Malachi's ghost, experienced CeFi


Innate Abilities, Weirdness & Mutations

You are tiny and cannot use many weapons and most armour.
You have supernaturally acute eyesight.
You are a herbivore.
You cover ground extremely quickly.
You need consume almost no food.


Message History

Malachi's ghost misses you.
There is an open door here.
You see here a stone.
d - 19 stones (gained 1) Malachi's ghost hits you!
You partially resist.
You feel drained.
You see here a stone.
d - 20 stones (gained 1) Malachi's ghost completely misses you.
There is an open door here.
You see here a stone.
d - 21 stones (gained 1)
You see here 3 stones.
d - 24 stones (gained 3) Malachi's ghost hits you!
* * * LOW HITPOINT WARNING * * *
You partially resist.
You feel drained.
You see here a stone.
d - 25 stones (gained 1) Malachi's ghost hits you!
You die...

## .. ######+#####
#'##### #......%.%.#
....).####..........#
......'..#......@...#
...(..##.'.....p.(..#
..)...####........(.#
##'#### #..........#
##.# #.......(.(#
#..# ########.(.###
..## ##########.(.##
'### ......(....(..#
..<# .......(.%....#


You could see Malachi's ghost.

Vanquished Creatures
  Eustachio (D:8)
  3 wolves (D:8)
  An orc warrior (D:7)
  A sky beast (D:7)
  2 yellow wasps (D:7)
  An ice beast (D:8)
  3 ogres
  Sigmund (D:6)
  Blork the orc (D:6)
  2 giant frogs (D:7)
  5 wights (D:6)
  A goliath beetle (D:7)
  3 hounds
  2 crimson imps
  A giant frog zombie (D:8)
  2 orc priests
  A jelly (D:7)
  6 orc wizards
  3 scorpions
  4 iguanas
  3 worker ants
  A killer bee zombie (D:6)
  Jessica (D:2)
  A hound zombie (D:7)
  A hound skeleton (D:5)
  Terence (D:3)
  8 adders
  2 worms
  5 giant geckos
  2 oozes (D:3)
  27 orcs
  3 ball pythons
  A bat zombie (D:5)
  3 giant cockroaches
  9 goblins
  12 hobgoblins
  6 jackals
  12 kobolds
  4 quokkas
  12 bats
  A giant gecko skeleton (D:4)
  3 giant newts
  An orc skeleton (D:4)
  13 rats
  A rat zombie (D:8)
177 creatures vanquished.

Notes
Turn   | Place    | Note
--------------------------------------------------------------
     0 | D:1      | Malachi, the Spriggan Monk, began the quest for the Orb.
     0 | D:1      | Reached XP level 1. HP: 11/11 MP: 1/1
   623 | D:1      | Reached skill level 1 in Slings
   623 | D:1      | Reached XP level 2. HP: 15/15 MP: 3/3
   941 | D:2      | Reached skill level 5 in Dodging
  1016 | D:2      | Reached XP level 3. HP: 18/18 MP: 5/5
  1257 | D:2      | Noticed Jessica
  1263 | D:2      | Killed Jessica
  1407 | D:2      | Reached XP level 4. HP: 17/23 MP: 7/7
  1660 | D:2      | Found a glowing golden altar of the Shining One.
  2003 | D:3      | Noticed Terence
  2058 | D:3      | Killed Terence
  2571 | D:3      | Reached XP level 5. HP: 27/27 MP: 9/9
  2649 | D:3      | Reached skill level 6 in Dodging
  2772 | D:3      | Reached skill level 5 in Slings
  2923 | D:4      | Noticed an ogre
  2929 | D:4      | Killed an ogre
  2929 | D:4      | Reached XP level 6. HP: 29/31 MP: 11/11
  3182 | D:4      | Reached skill level 7 in Slings
  3526 | D:4      | Noticed an ogre
  3551 | D:4      | Killed an ogre
  3551 | D:4      | Reached XP level 7. HP: 35/35 MP: 13/13
  3944 | D:5      | Entered Level 5 of the Dungeon
  4087 | D:5      | Reached skill level 8 in Slings
  4129 | D:5      | Found Fear's Gadget Boutique.
  4360 | D:5      | Found Jeyniefa's Antique Weapon Shoppe.
  4585 | D:5      | Found Zyuman's Book Emporium.
  4823 | D:6      | Reached skill level 9 in Slings
  4892 | D:6      | Reached XP level 8. HP: 7/39 MP: 15/15
  5176 | D:6      | Noticed Sigmund
  5188 | D:6      | Killed Sigmund
  5271 | D:6      | Noticed Blork the orc
  5280 | D:6      | Killed Blork the orc
  5280 | D:6      | Reached skill level 10 in Slings
  5305 | D:6      | Found a shimmering altar of Xom.
  5345 | D:6      | Noticed Dowan
  5348 | D:6      | Noticed Duvessa
  5811 | D:7      | Reached skill level 11 in Slings
  5850 | D:7      | Reached skill level 1 in Short Blades
  6020 | D:7      | Found a staircase to the Ecumenical Temple.
  6079 | D:7      | Found Croytweb's Weapon Shop.
  6817 | D:8      | Noticed Eustachio
  6827 | D:8      | Killed Eustachio
  6827 | D:8      | Reached skill level 12 in Slings
  6827 | D:8      | Reached XP level 9. HP: 43/43 MP: 17/17
  6828 | D:8      | Found a bloodstained altar of Trog.
  6868 | D:8      | Noticed Grum
  7496 | D:8      | Noticed Malachi's ghost (experienced CeFi)
  8517 | D:8      | Slain by Malachi's ghost

Action                   |  1- 3 |  4- 6 |  7- 9 || total
-------------------------+-------+-------+-------++-------
Melee: Short sword       |       |       |    43 ||    43
 Fire: Sling             |    84 |   219 |   422 ||   725
Evoke: Wand              |       |     1 |       ||     1
  Use: Scroll            |       |     6 |     6 ||    12
